 Dungeon Crawl Stone Soup version 0.27-a0-54-g64bdb92e38 (webtiles) character file.

Game seed: 2554963260981440050

584491 Cheivey the Acrobat (level 26, 0/223 (224) HPs)
             Began as a Deep Dwarf Fighter on Jan 4, 2021.
             Was the Champion of Makhleb.
             Slain by a death cob (17 damage)
             ... on level 3 of the Realm of Zot on Jan 7, 2021.
             The game lasted 01:41:11 (36963 turns).

Cheivey the Acrobat (Deep Dwarf Fighter)           Turns: 36963, Time: 01:41:12

HP:   0/223 (224)   AC:  0    Str: 31    XL:     26   Next: 3%
MP:   29/29         EV: 39    Int:  8    God:    Makhleb [******]
Gold: 3570          SH:  5    Dex: 17    Spells: 37/37 levels left

rFire    . . .     SeeInvis .   (weapon currently unavailable)
rCold    . . .     Faith    .   (shield currently unavailable)
rNeg     + . .     Spirit   .   (armour currently unavailable)
rPois    .         Reflect  +   (helmet currently unavailable)
rElec    .         Harm     .   (cloak currently unavailable)
rCorr    .         Rampage  .   (gloves currently unavailable)
Will     +++..                  (boots currently unavailable)
Stlth    ++++......             o - amulet of reflection
HPRegen  0.00/turn              (ring currently unavailable)
MPRegen  0.21/turn              (ring currently unavailable)

@: lethally poisoned (0 -> -8), bat-form, silence (expiring), flying,
non-regenerating, lightly drained, very quick
A: tiny, damage resistance, heal wounds, dopey 1, frail 1, negative energy
resistance 1, sense surroundings 3, wild magic 1, no regeneration
}: 3/15 runes: serpentine, barnacled, silver
a: Heal Wounds, Stop Flying, Renounce Religion


You were on level 3 of the Realm of Zot.
You worshipped Makhleb.
Makhleb was exalted by your worship.
You were in bat-form.
You visited 8 branches of the dungeon, and saw 42 of its levels.
You also visited: Gauntlet.

You collected 5292 gold pieces.
You spent 1722 gold pieces at shops.

Inventory:

Hand Weapons
 G - a +0 flail of protection
 R - a +0 vampiric war axe (melded)
 Z - a +1 war axe of electrocution
Armour
 p - a +1 pair of boots of running (melded)
 q - the +1 cloak "Houstr Hellumn" (melded) {Dex+3 Slay+3}
   (You found it on level 8 of the Dungeon)

   It affects your dexterity (+3).
   It affects your accuracy and damage with ranged weapons and melee attacks
   (+3).
 A - a +2 helmet of see invisible (melded)
 E - the +12 crystal plate armour of Chimes (melded) {Harm rN+ Int-2 Slay+6}
   (You found it on level 4 of the Shoals)

   It affects your intelligence (-2).
   It affects your accuracy and damage with ranged weapons and melee attacks
   (+6).
   It protects you from negative energy.
   It increases damage dealt and taken.
 N - a +1 pair of gloves of dexterity (melded)
 V - a +2 kite shield of reflection (melded)
Jewellery
 e - an uncursed ring of positive energy
 o - an amulet of reflection (around neck)
 u - the ring of Gin and Tonic {rPois EV+4 Str+3}
   (You found it on level 5 of the Vaults)

   [ring of evasion]

   It affects your evasion (+4).
   It affects your strength (+3).
   It protects you from poison.
 y - the ring "Koiph" {Fire +Fly MP+9 Dex-2}
   (You found it on level 1 of the Depths)

   [ring of fire]

   It enhances your fire magic.
   It affects your dexterity (-2).
   It protects you from fire.
   It makes you vulnerable to cold.
   It affects your magic capacity (+9).
   It lets you fly.
 D - the ring of Sufuf (melded) {+Inv rElec Str+6}
   (You acquired it on level 11 of the Dungeon)

   [ring of strength]

   It affects your strength (+6).
   It insulates you from electricity.
   It lets you turn invisible.
 X - the ring "Hoboq" (melded) {rCorr Int+4 Dex+3}
   (You bought it in a shop on level 2 of the Snake Pit)

   [ring of resist corrosion]

   It affects your intelligence (+4).
   It affects your dexterity (+3).
   It provides partial protection from all sources of acid and corrosion.
Wands
 g - a wand of iceblast (30)
 t - a wand of acid (14)
 v - a wand of digging (5)
 w - a wand of disintegration (72)
 z - a wand of flame (16)
 K - a wand of enslavement (22)
 L - a wand of paralysis (48)
Scrolls
 c - a scroll of summoning
 f - 2 scrolls of amnesia
 h - 21 scrolls of remove curse
 j - 8 scrolls of fog
 m - 16 scrolls of teleportation
 n - 4 scrolls of blinking
 B - 7 scrolls of fear
 H - 7 scrolls of identify
 P - 2 scrolls of magic mapping
 Q - 2 scrolls of enchant armour
 S - a scroll of brand weapon {unknown}
Potions
 a - 3 potions of might
 d - 2 potions of ambrosia
 i - 3 potions of brilliance
 k - 11 potions of attraction
 l - 3 potions of haste
 s - 12 potions of curing
 x - a potion of magic
 C - 5 potions of berserk rage
 F - 5 potions of heal wounds
 J - 3 potions of flight
 M - 3 potions of cancellation
 O - 2 potions of resistance
 U - 4 potions of mutation
Miscellaneous
 b - a phantom mirror
 r - a tin of tremorstones (1/2)
 I - a condenser vane


   Skills:
 - Level 17.1 Fighting
 - Level 16.0 Axes
 - Level 19.4 Armour
 + Level 22.8 Dodging
 - Level 11.5 Stealth
 + Level 20.0 Shields
 - Level 6.0 Spellcasting
 - Level 14.3 Invocations
 - Level 11.5 Evocations


You had 37 spell levels left.
You didn't know any spells.
Your spell library contained the following spells:

 Spells                   Type           Power        Failure   Level
 Animate Skeleton         Necr           6%           32%         1
 Apportation              Tloc           6%           32%         1
 Beastly Appendage        Tmut           6%           32%         1
 Corona                   Hex            3%           32%         1
 Freeze                   Ice            12%          32%         1
 Sandblast                Erth           6%           32%         1
 Sting                    Tmut/Pois      12%          32%         1
 Summon Small Mammal      Summ           12%          32%         1
 Corpse Rot               Necr/Air       N/A          43%         2
 Ensorcelled Hibernation  Hex/Ice        6%           43%         2
 Passwall                 Tmut/Erth      2%           43%         2
 Slow                     Hex            3%           43%         2
 Sublimation of Blood     Necr           1%           43%         2
 Wereblood                Tmut           3%           43%         2
 Confusing Touch          Hex            3%           65%         3
 Dazzling Flash           Conj/Hex       6%           65%         3
 Inner Flame              Hex/Fire       3%           65%         3
 Lesser Beckoning         Tloc           1%           65%         3
 Portal Projectile        Hex/Tloc       6%           65%         3
 Spider Form              Tmut/Pois      1%           65%         3
 Stone Arrow              Conj/Erth      6%           65%         3
 Tukima's Dance           Hex            3%           65%         3
 Animate Dead             Necr           1%           96%         4
 Cause Fear               Hex            1%           96%         4
 Dispel Undead            Necr           3%           96%         4
 Ice Form                 Ice/Tmut       3%           96%         4
 Iskenderun's Mystic Bla  Conj/Tloc      3%           96%         4
 Leda's Liquefaction      Hex/Erth       1%           96%         4
 Olgreb's Toxic Radiance  Pois           3%           96%         4
 Petrify                  Tmut/Erth      3%           96%         4
 Summon Lightning Spire   Summ/Air       3%           96%         4
 Agony                    Necr           3%           100%        5
 Alistair's Intoxication  Tmut/Pois      2%           100%        5
 Blade Hands              Tmut           1%           100%        5
 Bolt of Magma            Conj/Fire/Erth 1%           100%        5
 Borgnjor's Vile Clutch   Necr/Erth      1%           100%        5
 Excruciating Wounds      Necr           1%           100%        5
 Irradiate                Conj/Tmut      1%           100%        5
 Iskenderun's Battlesphe  Conj           3%           100%        5
 Lee's Rapid Deconstruct  Erth           1%           100%        5
 Metabolic Englaciation   Hex/Ice        1%           100%        5
 Silence                  Hex/Air        1%           100%        5
 Summon Demon             Summ           1%           100%        5
 Summon Forest            Summ/Tloc      1%           100%        5
 Summon Mana Viper        Hex/Summ       3%           100%        5
 Yara's Violent Unravell  Hex/Tmut       1%           100%        5
 Death Channel            Necr           1%           100%        6
 Freezing Cloud           Conj/Ice/Air   1%           100%        6
 Hydra Form               Tmut           1%           100%        6
 Invisibility             Hex            3%           100%        6
 Iron Shot                Conj/Erth      1%           100%        6
 Ozocubu's Refrigeration  Ice            1%           100%        6
 Shadow Creatures         Summ           N/A          100%        6
 Simulacrum               Ice/Necr       1%           100%        6
 Starburst                Conj/Fire      1%           100%        6
 Statue Form              Tmut/Erth      2%           100%        6
 Dragon Form              Tmut           1%           100%        7
 Orb of Destruction       Conj           1%           100%        7
 Spellforged Servitor     Conj/Summ      1%           100%        7
 Summon Hydra             Summ           1%           100%        7
 Chain Lightning          Conj/Air       1%           100%        8
 Discord                  Hex            1%           100%        8
 Ignition                 Fire           1%           100%        8
 Lehudib's Crystal Spear  Conj/Erth      1%           100%        8
 Absolute Zero            Ice            1%           100%        9
 Fire Storm               Conj/Fire      1%           100%        9


Dungeon Overview and Level Annotations

Branches:
Dungeon (15/15)            Temple (0/1) D:5            Lair (4/6) D:8
 Shoals (4/4) Lair:4        Snake (4/4) Lair:4          Orc (2/2) D:12
    Elf (0/3) Orc:2        Vaults (5/5) D:14          Crypt (0/3) Vaults:3
 Depths (5/5) D:15            Zot (3/5) Depths:5    Gauntlet (visited)

Altars:
Gozag
Makhleb
Nemelex Xobeh
Trog
Uskayaw
Vehumet
Xom
Yredelemnul
Beogh
Lugonu

Shops:
D:6 *   D:9 [   Orc:2 :}!!   Shoals:4 =   Snake:2 }=}(   Vaults:2 *
Vaults:3 }   Depths:3 ?}

Portals:
Hell: Depths:1 Depths:2 Depths:3 Depths:4 Depths:5
Abyss: Snake:4 Depths:1 Depths:2 Depths:3
Pandemonium: Depths:1 Depths:3
Ziggurat: Depths:4

Annotations:
D:8 1 runed translucent door, DatorSojat's ghost, novice TrMo
Zot:1 3 runed translucent doors, exclusion: obsidian statue, dolemite99's ghost, legendary MfGl


Innate Abilities, Weirdness & Mutations

You are resistant to damage.
You can heal yourself by infusing magical energy.
You resist negative energy. (rN+)
You passively map a large area around you.
You do not regenerate.
((You have hoof-like feet.))
((You are partially covered in large bone plates. (SH +4)))
You are dopey. (Int -2)
You are frail. (-10% HP)
Your spells are a little harder to cast, but a little more powerful.


Message History

* * * LOW HITPOINT WARNING * * *
You closely miss the death cob.
The death cob is almost destroyed.
You feel sick. The death cob completely misses you.
The ancient lich closely misses you.
The Killer Klown blinks!
You are too injured to fight recklessly!
Unknown command.
You hit the death cob but do no damage.
The death cob is severely damaged.
You feel sick. The death cob completely misses you.
The emperor scorpion completely misses you.
The emperor scorpion claws you!
* * * LOW HITPOINT WARNING * * *
The emperor scorpion misses you. The ancient lich casts a spell at you.
The bolt of lightning misses you.
You completely miss the death cob.
The death cob is severely damaged.
You feel sick. The death cob hits you!!
You die...

, , , *,
.§8.......8..##.. ,
⌠.##......###......##.,,
,, .§##.....#..p#......#
* ........#.....#....##.
, ....p.8.#.>...#.8.^/#.
....§.........#....## ,
##.....#...#s)....#. ⌠
##......##yLb....##. * ,
*#..<.....z)8..##.. * ,
##......<....^.## ,
....##...........##... *
.... ###...^...###.... *
*,, ...
..###.#.#?###....# *,,
,..,.....#######.....##
, , ,, *
.,.................## ,
,*##### .. ,.. , ,


You could see a Killer Klown, an emperor scorpion (berserk), an ancient lich
(fast), a death cob and a moth of wrath.

Vanquished Creatures
  A juggernaut (Depths:5)
  3 ancient liches
  Vashnia (Snake:4)
  Frederick (Depths:5)
  A curse toe (Zot:1)
  4 golden dragons
  A caustic shrike (Depths:3)
  A bone dragon (Depths:5)
  11 tentacled monstrosities
  2 liches
  Jorgrun (Shoals:1)
  2 quicksilver dragons (Vaults:5)
  6 titans
  2 death cobs
  3 sphinxes
  A sphinx (shapeshifter) (Vaults:5)
  Polyphemus (Shoals:3)
  8 tengu reavers
  7 storm dragons
  Donald (Vaults:4)
  Roxanne (Shoals:4)
  2 draconian monks
  10 shadow dragons
  11 nagarajas
  Ilsuiw (Shoals:2)
  10 fire giants
  6 frost giants
  Louise (Depths:4)
  23 vault wardens
  2 iron dragons (Vaults:5)
  A draconian scorcher (Zot:2)
  A deep elf sorcerer (Vaults:5)
  A ghoul (Vaults:5)
  3 deep elf elementalists (Vaults:5)
  3 draconian stormcallers
  2 spriggan defenders
  20 ironheart preservers
  2 war gargoyles (Vaults:5)
  18 stone giants
  13 very ugly things
  2 vampire knights
  A juggernaut skeleton (Depths:3)
  A deep elf demonologist (Vaults:1)
  2 black draconians (Zot:2)
  3 yellow draconians
  A minotaur (Gauntlet)
  A purple draconian (Zot:2)
  A deep elf annihilator (Vaults:1)
  3 red draconians
  4 white draconians
  5 merfolk javelineers
  A deep elf death mage (Vaults:5)
  13 ettins
  A fire dragon (shapeshifter) (Vaults:5)
  10 fire dragons
  9 merfolk impalers
  A deep elf high priest (Vaults:5)
  5 great orbs of eyes
  17 yaktaur captains
  32 vault guards
  3 hydras
  11 ice dragons
  A monstrous demonspawn (Depths:1)
  8 boulder beetles
  4 rakshasas
  A catoblepas (Shoals:3)
  The ghost of robertstho the Frost Mage, a journeyman GnIE of Sif Muna (Lair:3)
  5 spriggan air magi
  13 naga warriors
  14 centaur warriors
  A death knight (Vaults:5)
  A merfolk avatar (Shoals:4)
  9 ogre magi
  36 two-headed ogres
  4 merfolk aquamancers
  2 alligator snapping turtles (Shoals:4)
  9 anacondas
  A dancing weapon (Vaults:1)
  A deep troll shaman (Depths:2)
  6 death yaks
  19 naga sharpshooters
  7 tengu warriors
  A satyr (Shoals:4)
  5 vampire magi
  Urug (D:11)
  3 orc high priests (Orc:2)
  2 deep troll earth magi
  8 shock serpents
  Sonja (Lair:3)
  2 titan skeletons (Depths:3)
  6 spriggan berserkers
  A soul eater (Gauntlet)
  10 deep elf knights
  3 shadow wraiths
  10 salamander mystics
  24 skeletal warriors
  17 hell knights
  A fire crab (shapeshifter) (Vaults:3)
  8 glowing orange brains
  10 sea snakes
  2 storm dragon skeletons (Depths:3)
  A shadow demon (Depths:1)
  3 iron trolls (Depths:2)
  14 deep trolls
  2 flayed ghosts
  5 naga ritualists
  2 death drakes (shapeshifter) (D:15)
  4 golden dragon skeletons (Depths:3)
  An unseen horror (shapeshifter) (Depths:3)
  Pikel (D:7)
  2 unseen horrors
  2 harpies (shapeshifter)
  3 phantasmal warriors (Vaults:5)
  16 orc knights
  An orb spider (shapeshifter) (Vaults:1)
  7 harpies
  A deep elf archer (Vaults:5)
  20 ironbrand convokers
  A shadow dragon skeleton (Depths:3)
  2 wizards
  4 wolf spiders
  6 orc sorcerers
  11 deep elf magi
  A frost giant zombie (Depths:3)
  10 necromancers
  11 mana vipers
  6 fauns
  9 cyclopes
  8 manticores
  5 moths of wrath (Zot:1)
  A tengu skeleton (Depths:3)
  An elephant (shapeshifter) (Vaults:4)
  29 ugly things
  6 merfolk sirens
  A sphinx skeleton (Depths:3)
  16 salamanders
  36 black mambas
  22 naga magi
  An ice statue (Gauntlet)
  A frost giant skeleton (Depths:3)
  A torpor snail (shapeshifter) (Vaults:5)
  4 water nymphs
  A guardian serpent (shapeshifter) (D:15)
  A rust devil (Depths:1)
  A torpor snail (Lair:2)
  A molten gargoyle (Depths:4)
  4 fire giant skeletons (Depths:3)
  15 vault sentinels
  Psyche (D:11)
  5 guardian serpents (Snake:4)
  5 gargoyles
  4 cane toads
  5 spectral swamp worms (Depths:1)
  5 spriggan skeletons (Depths:3)
  A komodo dragon (shapeshifter) (Vaults:5)
  5 rime drakes
  2 komodo dragons
  48 yaktaurs
  8 freezing wraiths
  2 efreet (D:13)
  An ice devil (Depths:1)
  A red devil (Depths:2)
  7 trolls
  2 tengu conjurers
  3 hornets (shapeshifter)
  A polar bear (Lair:3)
  20 merfolk
  A queen bee (shapeshifter) (Vaults:3)
  2 wind drakes
  4 large abominations
  10 hornets
  5 blink frogs (Lair:3)
  A slime creature (shapeshifter) (Vaults:5)
  26 slime creatures
  A dream sheep (shapeshifter) (Vaults:2)
  8 dream sheep
  A snapping turtle (shapeshifter) (Vaults:5)
  A frost giant simulacrum (Vaults:1)
  9 snapping turtles
  6 spriggans
  17 flying skulls (Depths:3)
  5 wraiths
  35 yaks
  Sigmund (D:4)
  17 water elementals
  3 fire bats (Depths:4)
  A human (shapeshifter) (D:15)
  A fire elemental (Depths:3)
  5 wyverns
  A fire bat (shapeshifter) (Vaults:5)
  A chaos spawn (Depths:1)
  2 human simulacra (Vaults:2)
  3 wargs
  3 elf skeletons (Depths:3)
  58 nagas
  Edmund (D:4)
  7 water moccasins
  3 acid dragons
  A floating eye (Depths:3)
  33 orc warriors
  4 ice beasts
  2 sky beasts (D:9)
  2 hornet zombies
  A phantom (D:6)
  A black bear (shapeshifter) (Vaults:4)
  2 eyes of draining (shapeshifter)
  A black bear (D:6)
  24 ogres
  11 boggarts
  An eye of draining (D:14)
  7 wolves
  29 centaurs
  3 small abominations (Gauntlet)
  11 bullfrogs
  2 gnoll sergeants
  5 human skeletons
  2 wyvern zombies (D:11)
  A glowing shapeshifter simulacrum (Vaults:2)
  6 scorpions
  12 killer bees
  8 electric eels
  9 wights
  4 howler monkeys
  3 centaur zombies
  2 crimson imps
  Crazy Yiuf (D:4)
  2 bullfrog zombies
  2 quasits
  15 orc priests
  6 jellies
  5 bullfrog skeletons
  6 centaur skeletons
  A gnoll shaman (D:5)
  14 hounds
  18 orc wizards
  2 iguanas
  9 worker ants
  A hound zombie (D:5)
  2 hound skeletons
  19 gnolls
  3 worker ant zombies (D:6)
  16 adders
  6 shadow imps
  7 white imps
  3 ufetubi (Depths:1)
  An adder skeleton (D:9)
  4 worms
  3 dart slugs (D:1)
  5 leopard geckos
  103 orcs
  4 ball pythons
  2 giant cockroaches
  12 goblins
  11 hobgoblins
  5 jackals
  4 quokkas
  5 bats
  3 frilled lizards (D:1)
  10 kobolds
  A quokka zombie (D:6)
  17 rats
  A crawling corpse (Vaults:5)
  A lurking horror (Snake:4)
1757 creatures vanquished.

Vanquished Creatures (collateral kills)
  A hydra (Lair:2)
  A faun (Shoals:4)
2 creatures vanquished.

Vanquished Creatures (others)
  Nikola (Shoals:1)
  A nagaraja (Snake:4)
  An ironheart preserver (Vaults:1)
  A rakshasa (D:14)
  A black mamba (Snake:1)
  2 nagas (Snake:4)
  A centaur (Vaults:1)
  An orc wizard (Orc:2)
  5 fungi
  32 plants
  2 withered plants (D:6)
48 creatures vanquished.

Grand Total: 1807 creatures vanquished

Notes
Turn   | Place    | Note
-------+----------+-------------------------------------------
     0 | D:1      | Cheivey the Deep Dwarf Fighter began the quest for the Orb.
     0 | D:1      | Reached XP level 1. HP: 20/20 MP: 1/1
   152 | D:1      | Reached XP level 2. HP: 22/27 MP: 2/2
   525 | D:1      | Reached XP level 3. HP: 32/34 MP: 3/3
  1001 | D:2      | Reached XP level 4. HP: 35/40 MP: 4/4
  1545 | D:3      | Found a faded altar of an unknown god.
  1967 | D:3      | Found a burning altar of Makhleb.
  1975 | D:3      | Became a worshipper of Makhleb the Destroyer
  2139 | D:4      | Noticed an ogre
  2148 | D:4      | Killed an ogre
  2149 | D:4      | Reached XP level 5. HP: 44/50 MP: 5/5
  2258 | D:4      | Noticed Sigmund
  2282 | D:4      | Killed Sigmund
  2283 | D:4      | Reached skill level 1 in Invocations
  2283 | D:4      | Reached XP level 6. HP: 48/57 MP: 5/7
  2431 | D:4      | Reached skill level 5 in Armour
  2431 | D:4      | Reached skill level 5 in Shields
  2452 | D:4      | Reached XP level 7. HP: 33/64 MP: 8/8
  2452 | D:4      | Gained mutation: Your magical capacity is low. (-10% MP)
                  | [potion of mutation]
  2452 | D:4      | Gained mutation: Your muscles are strong. (Str +2) [potion
                  | of mutation]
  2452 | D:4      | Gained mutation: Your spells are a little harder to cast,
                  | but a little more powerful. [potion of mutation]
  2598 | D:4      | Noticed Edmund
  2611 | D:4      | Killed Edmund
  2941 | D:4      | Found a runed translucent door.
  2942 | D:4      | Noticed Crazy Yiuf
  3005 | D:4      | Killed Crazy Yiuf
  3006 | D:4      | Reached skill level 5 in Axes
  3052 | D:5      | Entered Level 5 of the Dungeon
  3189 | D:5      | Found a staircase to the Ecumenical Temple.
  3198 | D:5      | Reached XP level 8. HP: 47/73 MP: 9/9
  3700 | D:6      | Reached * piety under Makhleb
  3742 | D:6      | Reached skill level 5 in Fighting
  3746 | D:6      | Found a hide-covered altar of Uskayaw.
  3761 | D:6      | Noticed a +0 hand axe
  3763 | D:6      | Noticed a +0 hand axe
  3809 | D:6      | Reached skill level 5 in Invocations
  4006 | D:6      | Found Heyfadoe's General Store.
  4056 | D:6      | Bought a +0 whip for 37 gold pieces
  4056 | D:6      | Bought a scroll of enchant armour for 112 gold pieces
  4445 | D:7      | Noticed Pikel
  4455 | D:7      | Killed Pikel
  4456 | D:7      | Gained mutation: You passively map the area around you.
                  | [Deep Dwarf growth]
  4456 | D:7      | Reached XP level 9. HP: 70/82 MP: 11/11
  4459 | D:7      | Reached ** piety under Makhleb
  5569 | D:8      | Noticed a troll
  5594 | D:8      | Killed a troll
  5597 | D:8      | Reached *** piety under Makhleb
  5664 | D:8      | Reached XP level 10. HP: 53/92 MP: 12/12
  5681 | D:8      | Found a staircase to the Lair.
  5846 | D:8      | Got a scorched cloak
  5857 | D:8      | Identified the +1 cloak "Houstr Hellumn" {Dex+3 Slay+3}
                  | (You found it on level 8 of the Dungeon)
  6052 | D:8      | Found a sparkling altar of Nemelex Xobeh.
  6113 | D:8      | Noticed a moth of wrath
  6117 | D:8      | Found a bloodstained altar of Trog.
  6308 | D:8      | Found a runed translucent door.
  6308 | D:8      | Found a shimmering altar of Xom.
  6308 | D:8      | Noticed DatorSojat's ghost (novice TrMo)
  6308 | D:8      | Noticed a +6 mace of chaos
  6574 | D:9      | Found Axepiq's Antique Armour Boutique.
  6690 | D:9      | Reached **** piety under Makhleb
  6771 | D:9      | Lost mutation: Your muscles are strong. (Str +2) [potion of
                  | mutation]
  6771 | D:9      | Lost mutation: Your magical capacity is low. (-10% MP)
                  | [potion of mutation]
  6771 | D:9      | Lost mutation: Your spells are a little harder to cast, but
                  | a little more powerful. [potion of mutation]
  6771 | D:9      | Gained mutation: You have a pair of small antennae on your
                  | head. [potion of mutation]
  6771 | D:9      | Gained mutation: Your muscles are strong. (Str +2) [potion
                  | of mutation]
  6771 | D:9      | Gained mutation: You possess an exceptional clarity of
                  | mind. [potion of mutation]
  6999 | D:10     | Entered Level 10 of the Dungeon
  7015 | D:10     | Noticed a two-headed ogre
  7023 | D:10     | Killed a two-headed ogre
  7505 | D:10     | Reached XP level 11. HP: 103/103 MP: 14/14
  7680 | D:11     | Found a basalt altar of Yredelemnul.
  7754 | D:11     | Reached ***** piety under Makhleb
  7764 | D:11     | Noticed a green ugly thing
  7780 | D:11     | Killed a green ugly thing
  7790 | D:11     | Reached skill level 10 in Armour
  7793 | D:11     | Reached skill level 10 in Shields
  7821 | D:11     | Noticed Psyche
  7827 | D:11     | Killed Psyche
  7886 | D:11     | Noticed a deep elf mage
  7887 | D:11     | Noticed Urug
  7888 | D:11     | Noticed a two-headed ogre
  7894 | D:11     | Killed a deep elf mage
  7907 | D:11     | Killed a two-headed ogre
  7908 | D:11     | Reached skill level 10 in Axes
  7908 | D:11     | Killed Urug
  7952 | D:11     | Identified a scroll of acquirement
  7953 | D:11     | Acquired the ring of Sufuf {+Inv rElec Str+6}
  8065 | D:11     | Identified the Reference Book on the Volcanoes and Dark
                  | Arts
  8233 | D:11     | Found a frozen archway.
  8375 | D:12     | Noticed a boulder beetle
  8409 | D:12     | Killed a boulder beetle
  8513 | D:12     | Noticed a two-headed ogre
  8526 | D:12     | Killed a two-headed ogre
  8527 | D:12     | Reached XP level 12. HP: 66/114 MP: 15/15
  8531 | D:12     | Noticed a boulder beetle
  8551 | D:12     | Killed a boulder beetle
  8604 | D:12     | Found a staircase to the Orcish Mines.
  9441 | Lair:1   | Entered Level 1 of the Lair of Beasts
  9634 | Lair:1   | You fall into a shaft and drop 1 floor!
  9634 | Lair:2   | Noticed a seven-headed hydra
  9647 | Lair:2   | Killed a seven-headed hydra
  9792 | Lair:1   | Noticed a five-headed hydra
  9800 | Lair:1   | Killed a five-headed hydra
 10346 | Lair:2   | Noticed a seven-headed hydra
 10494 | Orc:1    | Entered Level 1 of the Orcish Mines
 10494 | Orc:1    | Found a roughly hewn altar of Beogh.
 10615 | Orc:1    | Reached ****** piety under Makhleb
 10760 | Orc:2    | Entered Level 2 of the Orcish Mines
 10877 | Orc:2    | Found a staircase to the Elven Halls.
 10976 | Orc:2    | Found a radiant altar of Vehumet.
 11129 | Orc:2    | Found Moazaqyu's Distillery.
 11163 | Orc:2    | Noticed an orc high priest
 11167 | Orc:2    | Noticed an orc high priest
 11187 | Orc:2    | Killed an orc high priest
 11188 | Orc:2    | Reached XP level 13. HP: 99/121 MP: 19/19
 11279 | Orc:2    | Found Madghim's Gadget Emporium.
 11285 | Orc:2    | Found Idauf's Distillery.
 11294 | Orc:2    | Found Oxesch's Book Boutique.
 11786 | Lair:2   | Reached skill level 10 in Invocations
 12190 | Lair:3   | Noticed Sonja
 12194 | Lair:3   | Killed Sonja
 12195 | Lair:3   | Found a runed translucent gate.
 12195 | Lair:3   | Found a runed translucent gate.
 12195 | Lair:3   | Found a runed translucent gate.
 12223 | Lair:3   | Noticed robertstho's ghost (journeyman GnIE)
 12241 | Lair:3   | Killed robertstho's ghost
 12344 | D:9      | Bought faintly glowing swamp dragon scales for 990 gold
                  | pieces
 12354 | D:9      | Identified the +6 swamp dragon scales of the Eagle {rElec
                  | rPois Str-3 Dex+3} (You bought it in a shop on level 9 of
                  | the Dungeon)
 12450 | Lair:3   | Reached skill level 1 in Dodging
 12886 | Lair:4   | Reached skill level 2 in Dodging
 13120 | Lair:4   | Reached skill level 3 in Dodging
 13132 | Lair:4   | Reached skill level 4 in Dodging
 13399 | Lair:4   | Found a staircase to the Shoals.
 13630 | Lair:4   | Found a staircase to the Snake Pit.
 14012 | D:13     | Reached skill level 5 in Dodging
 14276 | D:13     | Reached skill level 6 in Dodging
 14487 | D:13     | Gained mutation: You resist negative energy. (rN+) [Deep
                  | Dwarf growth]
 14487 | D:13     | Reached XP level 14. HP: 129/129 MP: 19/19
 14866 | D:14     | Reached skill level 7 in Dodging
 15095 | D:14     | Noticed an ironheart preserver
 15127 | D:14     | Killed an ironheart preserver
 15132 | D:14     | Reached skill level 8 in Dodging
 15172 | D:14     | Found a gate to the Vaults.
 15200 | D:14     | Found a gate leading to a gauntlet.
 15205 | Gauntlet | Entered a Gauntlet
 15205 | Gauntlet | Found a transporter.
 15205 | Gauntlet | Found a runed translucent door.
 15206 | Gauntlet | Found a runed translucent door.
 15210 | Gauntlet | Found a transporter.
 15214 | Gauntlet | Found a transporter.
 15225 | Gauntlet | Found a transporter.
 15226 | Gauntlet | Found a transporter.
 15234 | Gauntlet | Found a transporter.
 15238 | Gauntlet | Found a transporter.
 15246 | Gauntlet | Found a transporter.
 15250 | Gauntlet | Found a transporter.
 15257 | Gauntlet | Found a runed translucent door.
 15260 | Gauntlet | Found a transporter.
 15281 | Gauntlet | Found a transporter.
 15293 | Gauntlet | Found a transporter.
 15305 | Gauntlet | Found a transporter.
 15317 | Gauntlet | Found a transporter.
 15422 | Gauntlet | Got a shimmering great sword
 15427 | Gauntlet | Identified the +3 great sword "Ofuwnizify" {vamp, rF+} (You
                  | found it in a Gauntlet)
 15474 | Gauntlet | Lost mutation: Your muscles are strong. (Str +2) [potion of
                  | mutation]
 15474 | Gauntlet | Lost mutation: You have a pair of small antennae on your
                  | head. [potion of mutation]
 15474 | Gauntlet | Lost mutation: You possess an exceptional clarity of mind.
                  | [potion of mutation]
 15474 | Gauntlet | Gained mutation: Scrolls take you a little longer to read.
                  | [potion of mutation]
 15474 | Gauntlet | Gained mutation: You are frail. (-10% HP) [potion of
                  | mutation]
 15474 | Gauntlet | Gained mutation: You are partially covered in large bone
                  | plates. (SH +4) [potion of mutation]
 15541 | Gauntlet | Got a scorched scale mail
 15547 | Gauntlet | Got a masterwork cloak
 15551 | Gauntlet | Identified the +1 cloak of Zoxerchi {rC+ Str+2 Dex-3 SInv}
                  | (You found it in a Gauntlet)
 15553 | Gauntlet | Identified the +0 scale mail "Kugooc" {Regen+ Dex+5} (You
                  | found it in a Gauntlet)
 16617 | Snake:1  | Entered Level 1 of the Snake Pit
 17090 | Snake:1  | Reached skill level 15 in Shields
 17114 | Snake:1  | Reached skill level 15 in Axes
 17142 | Snake:1  | Reached XP level 15. HP: 103/121 MP: 20/20
 17586 | Snake:1  | Upgraded the game from 0.27-a0-34-gc18c9092ac to
                  | 0.27-a0-40-g5f2be0e231
 18438 | Snake:2  | Found Wuumo's Jewellery Emporium.
 18439 | Snake:2  | Found Ytweti Dairph's Gadget Shop.
 18439 | Snake:2  | Found Lafafaw's Gadget Shop.
 18453 | Snake:2  | Bought the ring "Hoboq" {rCorr Int+4 Dex+3} for 583 gold
                  | pieces
 18543 | Snake:2  | Reached skill level 1 in Evocations
 18558 | Snake:2  | Reached skill level 1 in Stealth
 18690 | Snake:2  | Found Zool's Antique Weapon Shoppe.
 19293 | Snake:3  | Noticed a nagaraja
 19309 | Snake:3  | Killed a nagaraja
 19310 | Snake:3  | Reached skill level 9 in Dodging
 19777 | Snake:3  | Noticed a nagaraja
 19789 | Snake:3  | Killed a nagaraja
 20114 | Snake:4  | Entered Level 4 of the Snake Pit
 20259 | Snake:4  | Noticed a nagaraja
 20274 | Snake:4  | Killed a nagaraja
 20369 | Snake:4  | Reached skill level 5 in Stealth
 20369 | Snake:4  | Reached skill level 5 in Evocations
 20644 | Snake:4  | Reached skill level 10 in Fighting
 20644 | Snake:4  | Reached XP level 16. HP: 131/131 MP: 22/22
 20668 | Snake:4  | Reached skill level 10 in Dodging
 20788 | Snake:4  | Noticed Vashnia
 20846 | Snake:4  | Killed Vashnia
 20895 | Snake:4  | Reached skill level 11 in Dodging
 21267 | Snake:4  | Found a corrupted altar of Lugonu.
 21267 | Snake:4  | Found a one-way gate to the infinite horrors of the Abyss.
 21660 | Snake:4  | Got a serpentine rune of Zot
 21918 | Shoals:1 | Entered Level 1 of the Shoals
 21951 | Shoals:1 | Noticed Nikola
 21955 | Shoals:1 | Noticed Jorgrun
 21970 | Shoals:1 | Killed Nikola
 21971 | Shoals:1 | Reached XP level 17. HP: 108/141 MP: 24/24
 21976 | Shoals:1 | Killed Jorgrun
 22052 | Shoals:1 | Gained mutation: You passively map a large area around you.
                  | [Deep Dwarf growth]
 22052 | Shoals:1 | Reached XP level 18. HP: 126/148 MP: 25/25
 22380 | Shoals:1 | Got a scorched brass ring
 22481 | Shoals:2 | Noticed Ilsuiw
 22558 | Shoals:2 | Killed Ilsuiw
 22674 | Shoals:2 | Reached skill level 10 in Evocations
 22697 | Shoals:2 | Identified the ring "Ymerria" {*Tele Int+2} (You found it
                  | on level 1 of the Shoals)
 23087 | Shoals:2 | Reached skill level 10 in Stealth
 23095 | Shoals:3 | Noticed Polyphemus
 23113 | Shoals:3 | Killed Polyphemus
 23249 | Shoals:3 | Lost mutation: You are frail. (-10% HP) [potion of
                  | mutation]
 23249 | Shoals:3 | Lost mutation: Scrolls take you a little longer to read.
                  | [potion of mutation]
 23249 | Shoals:3 | Gained mutation: You are dopey. (Int -2) [potion of
                  | mutation]
 23249 | Shoals:3 | Gained mutation: Scrolls take you a little longer to read.
                  | [potion of mutation]
 23249 | Shoals:3 | Gained mutation: You are frail. (-10% HP) [potion of
                  | mutation]
 23249 | Shoals:3 | Gained mutation: You have large cloven feet. [potion of
                  | mutation]
 23463 | Shoals:4 | Entered Level 4 of the Shoals
 23476 | Shoals:4 | Reached skill level 12 in Dodging
 23523 | Shoals:4 | Noticed Roxanne
 23570 | Shoals:4 | Found Arick's Jewellery Shop.
 23632 | Shoals:4 | Killed Roxanne
 23777 | Shoals:4 | Upgraded the game from 0.27-a0-40-g5f2be0e231 to
                  | 0.27-a0-46-g34d46f0a3f
 23966 | Shoals:4 | Got an amber-encrusted crystal plate armour
 23969 | Shoals:4 | Identified the +12 crystal plate armour of Chimes {Harm rN+
                  | Int-2 Slay+6} (You found it on level 4 of the Shoals)
 24326 | Shoals:4 | Got a barnacled rune of Zot
 24686 | D:15     | Entered Level 15 of the Dungeon
 24700 | D:15     | Lost mutation: Scrolls take you a little longer to read.
                  | [potion of mutation]
 24700 | D:15     | Gained mutation: You have hoof-like feet. [potion of
                  | mutation]
 24700 | D:15     | Gained mutation: Your spells are a little harder to cast,
                  | but a little more powerful. [potion of mutation]
 24916 | D:15     | Reached skill level 13 in Dodging
 25022 | D:15     | Found a staircase to the Depths.
 25028 | D:15     | Reached XP level 19. HP: 158/158 MP: 25/25
 25168 | D:15     | Reached XP level 20. HP: 165/165 MP: 26/26
 25169 | D:15     | Reached XP level 21. HP: 172/172 MP: 27/27
 25637 | Vaults:1 | Entered Level 1 of the Vaults
 25840 | Vaults:1 | Reached skill level 14 in Dodging
 26379 | Vaults:1 | Reached skill level 15 in Armour
 27022 | Vaults:2 | Reached skill level 15 in Dodging
 27061 | Vaults:2 | Found Amed's General Store.
 27492 | Vaults:2 | Reached XP level 22. HP: 185/185 MP: 28/28
 27538 | Vaults:2 | Found a transporter.
 27546 | Vaults:2 | Found a transporter.
 27632 | Vaults:2 | Got a distressingly furry cloak
 27633 | Vaults:2 | Identified the +1 cloak "Voil" {rF+ rN+ SInv} (You found it
                  | on level 2 of the Vaults)
 28446 | Vaults:3 | Found Cyniejieb's Gadget Shoppe.
 28528 | Vaults:3 | Reached skill level 16 in Dodging
 28821 | Vaults:3 | Found a staircase to the Crypt.
 29445 | Vaults:4 | Reached skill level 15 in Fighting
 29695 | Vaults:4 | Noticed Donald
 29704 | Vaults:4 | Killed Donald
 30242 | Vaults:5 | Entered Level 5 of the Vaults
 30254 | Vaults:5 | Reached skill level 17 in Dodging
 30271 | Vaults:5 | Reached XP level 23. HP: 196/196 MP: 29/29
 30289 | Vaults:5 | Noticed an ancient lich
 30316 | Vaults:5 | Killed an ancient lich
 30322 | Vaults:5 | Noticed an ancient lich
 30342 | Vaults:5 | Killed an ancient lich
 30369 | Vaults:5 | Reached skill level 18 in Dodging
 30528 | Vaults:5 | Found the +8 demon trident "Rift" {distort, reach+}
 30751 | Vaults:5 | Identified the Guide on Contamination and Feathers
 30887 | Vaults:5 | Identified Xynakhonn's Disquisition on Freezing Combat
                  | Magic
 31167 | Vaults:5 | Reached XP level 24. HP: 207/207 MP: 29/29
 31304 | Vaults:5 | Identified a +1 pair of boots of running (You found it on
                  | level 5 of the Vaults)
 31355 | Vaults:5 | Got a steaming ivory ring
 31360 | Vaults:5 | Identified the ring of Gin and Tonic {rPois EV+4 Str+3}
                  | (You found it on level 5 of the Vaults)
 31545 | Vaults:5 | Got a silver rune of Zot
 31762 | Depths:1 | Entered Level 1 of the Depths
 31763 | Depths:1 | Upgraded the game from 0.27-a0-46-g34d46f0a3f to
                  | 0.27-a0-54-g64bdb92e38
 31785 | Depths:1 | Reached skill level 19 in Dodging
 31804 | Depths:1 | Got a scorched bronze ring
 31840 | Depths:1 | Found a gateway to Hell.
 32067 | Depths:1 | Identified the ring "Koiph" {Fire +Fly MP+9 Dex-2} (You
                  | found it on level 1 of the Depths)
 32204 | Depths:1 | Found a one-way gate leading to the halls of Pandemonium.
 32971 | Depths:2 | Noticed an ancient lich
 32985 | Depths:2 | Killed an ancient lich
 33017 | Depths:2 | Found the +6 Majin-Bo {vamp, MP+6 Int+6}
 33208 | Depths:3 | Found Umnuh's Magic Scroll Emporium.
 33216 | Depths:3 | Found Omun Sol's Gadget Emporium.
 33576 | Depths:3 | Reached skill level 20 in Dodging
 34541 | Depths:4 | Found a gateway to a ziggurat.
 34683 | Depths:4 | Reached XP level 25. HP: 216/216 MP: 29/29
 34726 | Depths:4 | Reached skill level 21 in Dodging
 34894 | Depths:4 | Noticed Louise
 34928 | Depths:4 | Killed Louise
 35314 | Depths:5 | Entered Level 5 of the Depths
 35444 | Depths:5 | Noticed a juggernaut
 35469 | Depths:5 | Killed a juggernaut
 35512 | Depths:5 | Noticed Frederick
 35525 | Depths:5 | Killed Frederick
 35865 | Depths:5 | Reached skill level 22 in Dodging
 36269 | Depths:5 | Found a gate to the Realm of Zot.
 36597 | Zot:1    | Entered Level 1 of the Realm of Zot
 36709 | Zot:1    | Found a runed translucent gate.
 36709 | Zot:1    | Found a runed translucent gate.
 36709 | Zot:1    | Found a runed translucent gate.
 36710 | Zot:1    | Found an opulent altar of Gozag.
 36711 | Zot:1    | Noticed dolemite99's ghost (legendary MfGl)
 36910 | Zot:2    | Reached XP level 26. HP: 222/224 MP: 29/29
 36934 | Zot:3    | Noticed an ancient lich
 36963 | Zot:3    | Slain by a death cob

Illustrated notes

Levels and vault maps discovered:
D:1:      roderic_octagonal_star, layout_loops_ring, serial_glass,
          glass_columns_a, glass_columns_c, corexii_hall_statues_x
D:2:      layout_rooms, hex_intersection
D:3:      layout_loops_corners, lemuel_coloured_pillars_altar,
          chequers_ecumenical_altar_simple, amcnicky_mini_rare_corridor_liquid
D:4:      layout_basic, uniq_sigmund, uniq_crazy_yiuf_cottage, uniq_edmund
D:5:      minmay_bubble_buster, layout_loops_ring,
          minmay_temple_entry_statues_fountains, kennysheep_big_empty_room,
          chequers_serial_rivers_large_b
D:6:      layout_basic, dancing_weapons_uskayaw, serial_shops,
          nicolae_shop_waterfront, serial_undead, serial_undead_c,
          serial_undead_f, serial_undead_f, serial_undead_b
D:7:      layout_basic, enter_bailey_7, grunt_ministairs_6,
          minmay_fire_ice_demons, uniq_pikel
D:8:      layout_loops_ring, tgw_trog, nemelex_xobeh_ov_fountains_minmay,
          erik_lair_island, ebering_ghost_xom
D:9:      layout_roguey, serial_shops, shop
D:10:     layout_loops_ring
D:11:     layout_cave_pools, basic_altar, portal_ice_cave_rime, minivault_10,
          uniq_urug, uniq_psyche
D:12:     layout_layer_cave, orc_0_dummy
D:13:     layout_gridville
D:14:     layout_layer_cave, skrybe_vaults_entry_preservation,
          dk_noncrumbling_4, gauntlet_entry_generic
D:15:     gammafunk_enter_depths_forms, layout_basic, glass_columns_b
Lair:1:   layout_regular_city, dpeg_stationary_puzzle
Lair:2:   layout_roguey, lemuel_fruit_tree, grunt_megastairs_1
Lair:3:   layout_gridlike, ebering_ghost_rock_garden, uniq_sonja, uniq_fannar
Lair:4:   layout_long_grid, minmay_shoals_entry_beasts, dummy_snake_entry,
          nicolae_quartered_pool_little
Shoals:1: layout_shoals, uniq_nikola, uniq_jorgrun
Shoals:2: layout_shoals, nicolae_shoals_water_elemental_grotto, uniq_ilsuiw
Shoals:3: layout_shoals, uniq_polyphemus
Shoals:4: shoals_end_simple, layout_shoals, serial_shops,
          nicolae_shop_behind_doors, uniq_roxanne
Snake:1:  layout_layer_cave, grunt_megastairs_4
Snake:2:  layout_basic, serial_shops, shop, minmay_shop_grove
Snake:3:  layout_layer_cave
Snake:4:  johnstein_snake_rune_scales, layout_misc_corridors,
          nicolae_snake_linked_coils, grunt_ministairs_9,
          amcnicky_altar_lugonu_corruption
Orc:1:    layout_caves, basic_altar
Orc:2:    st_orc_elflike, layout_diamond_mine, basic_altar
Vaults:1: v_misc_2, v_misc_5, vaults_room_ringed_pool, vaults_mumra_bighexcomb,
          nicolae_vaults_alarming, nicolae_vaults_theta, vaults_mumra_chevron,
          hangedman_vaults_river_flow, ontoclasm_vaults_chip, v_misc_12,
          nicolae_vaults_hallways_thing, layout_vaults_ring
Vaults:2: nicolae_vaults_theta, hangedman_vaults_corner_blocks,
          vaults_mumra_minichess_inversion, gammafunk_the_bubble
          [the_bubble_gammafunk_crates], v_misc_25, v_alt_pattern_6,
          ontoclasm_vaults_chip, ontoclasm_vaults_shuriken,
          nicolae_vaults_shelves_hall, nicolae_vaults_big_angled_halls,
          serial_ice_b, ontoclasm_vaults_ligature, vaults_room_stairs_pillars,
          nicolae_vaults_yaktaur_gun_rack, hangedman_vaults_slice,
          nicolae_vaults_little_squares_1, layout_vaults_omnibox, serial_shops,
          nicolae_shop_behind_doors
Vaults:3: v_rooms_1, hangedman_vaults_stagger, vaults_standard_mumra_lines,
          vaults_room_stairs_pillars, nicolae_vaults_rhombus_7, st_lattice,
          v_misc_28, nicolae_vaults_diagonal_hallway_7,
          nicolae_vaults_specimen_jars, layout_vaults_quadrants, serial_shops,
          nicolae_shop_behind_doors
Vaults:4: nicolae_vaults_stairing_the_circle, dpeg_vaults_monster_box,
          ontoclasm_vaults_eye, nicolae_vaults_little_squares_6, st_lines,
          ontoclasm_vaults_ring_square, serial_ice_m, vaults_dpeg_ring,
          grunt_vaults_funnel, nicolae_vaults_rhombus_5,
          nicolae_vaults_little_squares_5, vaults_room_door_ring,
          vaults_mumra_minichess, layout_vaults_omnicross, uniq_donald
Vaults:5
Depths:1: minmay_ambush_box, layout_basic, pf_hell_entry_tar_river,
          grunt_pan_entry_zigzag, abyss_entry_glasseish, minmay_misc_feat_x
Depths:2: minmay_guarded_unrand_majin_bo, layout_gridlike, abyss_entry_crystal,
          hangedman_geh_valley, st_stairs_3, uniq_aizul
Depths:3: minmay_skeleton_keep, layout_gridlike, pan_entry, abyss_entry,
          hell_entry, minmay_misc_feat_cross, infiniplex_staircase_zigzag_4,
          kennysheep_random_hallway, minmay_shop_star
Depths:4: minmay_the_grid_octo_tiled_squarecenter
          [minmay_the_grid_octo_tetromino_candy,
          minmay_the_grid_octo_fat_diamond, minmay_the_grid_octo_empty,
          minmay_the_grid_octo_vomiting_pacman,
          minmay_the_grid_square_5x5_megaprize_checkered,
          minmay_the_grid_square_5x5_minimal,
          minmay_the_grid_square_5x5_checkered,
          minmay_the_grid_square_5x5_two_small,
          minmay_the_grid_square_5x5_three], layout_basic, enter_ziggurat_c,
          chequers_jeans, nicolae_abyss_entry_one_way_or_another, hell_entry,
          serial_bayou, hangedman_decor_opposing
Depths:5: grunt_zot_entry_gee_three, layout_gridville, roderic_lattice_a,
          grunt_metal_band, minmay_misc_feat_room, hangedman_decor_lopped,
          library_closet, uniq_frederick
Zot:1:    layout_basic, ebering_ghost_gozag, grunt_ministairs_3,
          grunt_megastairs_2
Zot:2:    lemuel_draconian_sentries_small, layout_twisted_circle
Zot:3:    ebering_klown_carousel, layout_cellular_growth, lemuel_lich_library

Skill      XL: |  1  2  3  4  5  6  7  8  9 10 11 12 13 14 15 16 17 18 19 20 21 22 23 24 25 26 |
---------------+-------------------------------------------------------------------------------+-----
Fighting       | 3 4 6 8 9 10 11 12 14 15 16 17 | 17.1
Axes           | 3 4 5 6 7 9 10 12 13 15 16 | 16.0
Armour         | 4 5 7 8 9 11 12 13 15 17 19 | 19.4
Shields        | 4 5 7 8 9 11 12 13 15 17 19 20 | 20.0
Invocations    | 1 2 3 5 6 9 10 11 13 14 | 14.3
Dodging        | 6 8 9 11 13 15 17 18 20 22 | 22.8
Evocations     | 5 9 10 11 | 11.5
Stealth        | 5 9 10 11 | 11.5
Spellcasting   | 4 6 |  6.0

Action                   |  1- 3 |  4- 6 |  7- 9 | 10-12 | 13-15 | 16-18 | 19-21 | 22-24 | 25-27 || total
-------------------------+-------+-------+-------+-------+-------+-------+-------+-------+-------++-------
Melee: War axe           |   154 |   138 |   456 |   684 |  1407 |   975 |   475 |  1328 |   668 ||  6285
       Flail             |       |       |       |       |    18 |       |       |       |       ||    18
       Unarmed           |       |       |       |       |       |       |       |       |     6 ||     6
Invok: Greater Servant o |       |       |       |       |       |     1 |       |       |       ||     1
 Abil: Heal Wounds       |       |     4 |    13 |     4 |     2 |     4 |       |     1 |       ||    28
Evoke: Wand              |       |       |       |     7 |     6 |     1 |       |       |       ||    14
       Condenser vane    |       |       |       |     1 |     2 |     1 |       |       |     2 ||     6
       Tin of tremorston |       |       |       |       |       |       |       |       |     1 ||     1
  Use: Potion            |     4 |     2 |     5 |     5 |    10 |     9 |     2 |       |    10 ||    47
       Scroll            |     8 |     2 |     7 |    14 |     6 |     4 |       |    11 |     1 ||    53
 Stab: Invisible         |       |       |       |     1 |    10 |       |       |       |       ||    11
       Sleeping          |       |       |       |       |     3 |    11 |       |       |       ||    14
       Distracted        |       |       |       |       |     1 |     1 |       |       |     2 ||     4
Armor: Scale mail        |    73 |    52 |   170 |   124 |       |       |       |       |       ||   419
       Plate armour      |       |       |       |    99 |    48 |       |       |       |       ||   147
       Swamp dragon scal |       |       |       |       |   306 |   129 |       |       |       ||   435
       Crystal plate arm |       |       |       |       |       |    67 |    85 |   389 |   202 ||   743
Dodge: Dodged            |    55 |    45 |   103 |   164 |   343 |   319 |    76 |   404 |   274 ||  1783
Block: Kite shield       |    83 |    79 |   481 |   681 |  1397 |  1039 |   387 |  1309 |   676 ||  6132
       Reflection        |       |       |    10 |    21 |   131 |   162 |    41 |   112 |    27 ||   504
       Other             |       |       |       |       |       |       |       |       |     1 ||     1

Table legend: (Time is in decaauts)
 A = Elapsed time spent in this place.
 B = Non-inter-level travel time spent in this place.
 C = Inter-level travel time spent in this place.
 D = Time resting spent in this place.
 E = Time spent auto-exploring this place.
 F = Levels seen in this place.
 G = Mean time per level.
                   A        B        C        D        E       F      G
               +--------+--------+--------+--------+--------+-----+--------+
         Total |  35847 |  33273 |   2574 |    300 |  23067 |  43 |  833.7 |
       Dungeon |  13523 |  12254 |   1269 |      0 |   8915 |  15 |  901.5 |
          Lair |   3142 |   2713 |    429 |      0 |   2299 |   4 |  785.5 |
        Shoals |   2621 |   2454 |    167 |      0 |   1341 |   4 |  655.2 |
     Snake Pit |   4952 |   4729 |    223 |    200 |   3230 |   4 | 1238.0 |
  Orcish Mines |   1098 |   1013 |     85 |    100 |    561 |   2 |  549.0 |
        Vaults |   5679 |   5427 |    252 |      0 |   3912 |   5 | 1135.8 |
        Depths |   4176 |   4029 |    147 |      0 |   2730 |   5 |  835.2 |
           Zot |    294 |    294 |      0 |      0 |     78 |   3 |   98.0 |
      Gauntlet |    359 |    359 |      0 |      0 |      0 |   1 |  359.0 |
               +--------+--------+--------+--------+--------+-----+--------+

Top non-repeatable levels by time:
 Snake:4: 1516 daAuts
 Snake:1: 1395 daAuts
    D:14: 1319 daAuts
Vaults:3: 1297 daAuts
    D:12: 1213 daAuts
Vaults:5: 1211 daAuts
Vaults:2: 1168 daAuts
     D:8: 1161 daAuts
     D:7: 1134 daAuts
Depths:3: 1115 daAuts
 Snake:2: 1112 daAuts
Depths:5: 1099 daAuts
Vaults:1: 1077 daAuts
  Lair:4: 1040 daAuts
     D:4: 953 daAuts
